AoeStats
← 菜就怪隊友

African Clearing

506062144Analyzed
4v4 RM · 20d ago on Sep 12, 2026· 42m 34s· 8 players
Game mode
Random Map
Map size
Large (8 player)
Population
200
Speed
Normal
Resources
Standard
Victory
Conquest
Starting age
Dark Age
Ending age
Imperial Age
RankedLock teamsTeams togetherTeam positionsShared explorationLock speedFull tech treeHidden civsTurbo modeCheats
Victory
Defeat
🇹🇼 Koreans · Taiwan
1463
+16
1449
+16
🇨🇳 Magyars · China
1440
+17
🇭🇰 Huns · Hong Kong SAR China
1415
+19
🇰🇷 Vietnamese · South Korea
1486
-18
🇰🇷 Britons · South Korea
1486
-18
🇪🇸 Berbers · Spain
1457
-17
🇹🇼 Mongols · Taiwan
1405
-15
你可以打我队友吗
4:49 Loom
6:30 Double-Bit Axe
13:32 Feudal Age
14:39 Horse Collar
20:47 Fletching
27:20 Castle Age
26:55 Bow Saw
26:47 Heavy Plow
29:04 Scale Barding Armor
35:40 Bodkin Arrow
36:03 Gold Mining
38:29 Gold Shaft Mining
37:45 Stone Mining
38:11 Stone Mining
38:58 Wheelbarrow
41:15 Two-Man Saw
40:34 Hand Cart
40:56 Town Watch
44:00 Imperial Age
42:17 Chain Barding Armor
42:48 Crop Rotation
43:01 Stone Shaft Mining
菜就怪隊友
4:37 Loom
13:24 Feudal Age
18:09 Castle Age
16:32 Double-Bit Axe
17:30 Fletching
19:33 Bodkin Arrow
22:33 Ballistics
30:03 Town Watch
36:58 Horse Collar
36:59 Fishing Lines
39:27 Wheelbarrow
41:40 Gillnets
45:11 Imperial Age
42:52 Heavy Plow
phlui1122
9:29 Loom
11:46 Feudal Age
12:25 Double-Bit Axe
23:58 Castle Age
23:27 Fletching
24:44 Bodkin Arrow
25:10 Bow Saw
30:17 Padded Archer Armor
31:29 Husbandry
31:39 Bloodlines
32:55 Gold Mining
32:56 Stone Mining
33:44 Wheelbarrow
33:40 Town Watch
35:12 Thumb Ring
36:03 Ballistics
37:08 Gold Shaft Mining
39:42 Hand Cart
42:08 Imperial Age
40:41 Leather Archer Armor
42:13 Heavy Cavalry Archer
43:02 Bracer
hoot
12:20 Feudal Age
12:55 Double-Bit Axe
13:45 Loom
15:30 Scale Barding Armor
18:04 Gold Mining
17:58 Horse Collar
20:27 Castle Age
19:42 Bloodlines
21:47 Bow Saw
21:28 Town Watch
21:48 Husbandry
22:07 Light Cavalry
29:09 Wheelbarrow
30:23 Chain Barding Armor
31:07 Hand Cart
33:21 Gold Shaft Mining
36:42 Imperial Age
34:53 Stone Mining
37:52 Conscription
38:09 Plate Barding Armor
37:09 Cavalier
38:52 Two-Man Saw
37:53 Heavy Plow
38:32 Paladin
馬上贏
12:54 Loom
14:54 Feudal Age
21:20 Castle Age
20:21 Fletching
31:22 Ballistics
42:41 Imperial Age
CARANZA
3:00 Loom
12:59 Feudal Age
13:30 Double-Bit Axe
19:31 Castle Age
18:17 Stone Mining
22:09 Fletching
23:00 Padded Archer Armor
27:23 Leather Archer Armor
29:17 Bloodlines
30:37 Husbandry
31:09 Bodkin Arrow
32:12 Gold Mining
33:23 Horse Collar
36:10 Wheelbarrow
37:20 Hand Cart
39:56 Imperial Age
38:31 Gold Shaft Mining
40:05 Heavy Camel Rider
41:11 Maghrebi Camels
BaniWang
3:27 Loom
14:40 Feudal Age
15:16 Double-Bit Axe
15:21 Fishing Lines
16:56 Gold Mining
20:06 Castle Age
21:04 Bow Saw
20:52 Gillnets
20:56 Stone Mining
26:39 Fletching
28:46 Wheelbarrow
29:38 Bodkin Arrow
32:30 Horse Collar
33:14 Ballistics
32:35 Treadmill Crane
33:32 Padded Archer Armor
33:49 Hand Cart
33:20 Town Watch
35:16 Heavy Plow
34:53 Crossbowman
37:26 Leather Archer Armor
38:32 Forging
39:19 Thumb Ring
40:05 Squires
남조선사람
4:21 Loom
12:20 Feudal Age
14:18 Double-Bit Axe
16:17 Fletching
25:55 Castle Age
24:20 Horse Collar
39:02 Wheelbarrow
Connection lost

Rejoining the realm…

Still unreachable

The connection could not be restored.

Session expired

The server has moved on; the page needs a fresh start.